 Dungeon Crawl Stone Soup version 0.26-a0-665-gefeb406119 (webtiles) character file.

Game seed: 18335719491033018872

22271 looop the Frost Mage (level 12, -10/94 HPs)
             Began as a Demonspawn Ice Elementalist on Oct 13, 2020.
             Was an Initiate of Gozag.
             Mangled by an ettin
             ... wielding a +0 dire flail
              (28 damage)
             ... on level 1 of the Orcish Mines.
             The game lasted 00:29:11 (13018 turns).

looop the Frost Mage (Demonspawn Ice Elementalist) Turns: 13018, Time: 00:29:11

Health: -10/94     AC: 24    Str:  9    XL:     12   Next: 61%
Magic:  16/30      EV: 20    Int: 20    God:    Gozag
Gold:   2304       SH:  5    Dex: 15    Spells: 2/23 levels left

rFire    . . .     SeeInvis .   a - +9 morningstar (freeze)
rCold    . . .     Faith    .   B - +0 buckler
rNeg     . . .     Spirit   .   C - +2 leather armour {MR+}
rPois    .         Reflect  .   s - +0 helmet
rElec    .         Harm     .   u - +2 cloak
rCorr    .         Rampage  .   G - +0 pair of gloves
MR       +....                  o - +2 pair of boots
Stlth    ++........             (no amulet)
HPRegen  3.25/turn              E - ring of magical power
MPRegen  0.22/turn              A - +4 ring of protection

@: icy armour, gold aura, frozen ramparts
A: talons 2, repulsion field 2, powered by death 2
a: Potion Petition, Call Merchant, Bribe Branch, Renounce Religion


You were on level 1 of the Orcish Mines.
You worshipped Gozag.
Gozag was most pleased with you.
You visited 3 branches of the dungeon, and saw 15 of its levels.

You collected 3489 gold pieces.
You spent 1085 gold pieces at shops.
You paid 100 gold pieces to Gozag.

Inventory:

Hand Weapons
 a - a +9 morningstar of freezing (weapon)
Missiles
 t - 4 atropa-tipped darts
 L - 16 silver boomerangs (quivered)
 O - 8 curare-tipped darts
Armour
 o - a +2 pair of boots (worn)
 s - a +0 helmet (worn)
 u - a +2 cloak (worn)
 B - a +0 buckler (worn)
 C - a +2 leather armour of magic resistance (worn)
 G - a +0 pair of gloves (worn)
Jewellery
 g - an uncursed ring of protection from cold
 x - the ring "Ylo Ubio" {Fire rN+++ Str+4}
   (You found it on level 4 of the Dungeon)

   [ring of fire]

   It enhances your fire magic.
   It affects your strength (+4).
   It protects you from fire.
   It makes you vulnerable to cold.
   It renders you almost immune to negative energy.
 A - a +4 ring of protection (right hand)
 E - a ring of magical power (left hand)
 K - an uncursed ring of poison resistance
Wands
 e - a wand of paralysis (10)
 f - a wand of random effects (21)
 D - a wand of flame (17)
 F - a wand of disintegration (10)
 J - a wand of polymorph (10)
Scrolls
 b - 3 scrolls of enchant armour {unknown}
 d - 7 scrolls of teleportation {unknown}
 i - a scroll of fog {unknown}
 j - 8 scrolls of remove curse {unknown}
 n - a scroll of magic mapping
 q - 5 scrolls of enchant weapon
 v - 3 scrolls of blinking
 y - a scroll of immolation
 I - 2 scrolls of amnesia {unknown}
 M - a scroll of silence
Potions
 c - 4 potions of haste
 h - 2 potions of flight
 k - a potion of lignification {unknown}
 l - a potion of degeneration {unknown}
 p - 3 potions of curing {unknown}
 r - 2 potions of resistance
 w - a potion of might {unknown}
 z - 2 potions of heal wounds
 H - 3 potions of cancellation {unknown}
 N - a potion of invisibility {unknown}
 P - a potion of mutation {unknown}
 Q - a potion of stabbing {unknown}


   Skills:
 - Level 8.7 Fighting
 - Level 8.3 Dodging
 - Level 1.7 Stealth
 - Level 4.0 Shields
 - Level 6.3 Spellcasting
 - Level 4.2 Conjurations
 - Level 4.3 Summonings
 + Level 4.1 Transmutations
 - Level 11.9 Ice Magic
 + Level 4.1 Earth Magic


You had 2 spell levels left.
You knew the following spells:

 Your Spells              Type           Power        Failure   Level
a - Freeze                Ice            ####         1%          1
b - Frozen Ramparts       Ice            ######       1%          3
c - Ozocubu's Armour      Ice            ######..     1%          3
d - Hailstorm             Conj/Ice       #####...     4%          4
e - Summon Ice Beast      Ice/Summ       #####...     4%          4
f - Statue Form           Tmut/Erth      ###......    99%         6

Your spell library contained the following spells:

 Spells                   Type           Power        Failure   Level
 Ensorcelled Hibernation  Hex/Ice        ####..       1%          2
 Corona                   Hex            #......      14%         1
 Dazzling Flash           Conj/Hex       ##....       19%         3
 Confusing Touch          Hex            #.......     38%         3
 Tukima's Dance           Hex            #.......     38%         3
 Leda's Liquefaction      Hex/Erth       ##........   52%         4
 Irradiate                Conj/Tmut      ###.......   56%         5
 Bolt of Magma            Conj/Fire/Erth ###.......   77%         5
 Cause Fear               Hex            #.........   80%         4
 Yara's Violent Unravell  Hex/Tmut       ##........   86%         5
 Silence                  Hex/Air        #.........   98%         5
 Iron Shot                Conj/Erth      ###.......   98%         6
 Hydra Form               Tmut           ###.......   99%         6
 Dragon Form              Tmut           ###.......   100%        7
 Discord                  Hex            #.........   100%        8
 Shatter                  Erth           ###.......   100%        9


Dungeon Overview and Level Annotations

Branches:
Dungeon (13/15)            Temple (1/1) D:4            Lair (0/6) D:10
    Orc (1/2) D:12
 Vaults: D:13-14

Altars:
Ashenzari
Cheibriados
Dithmenos
Elyvilon
Fedhas
Gozag
Hepliaklqana
Kikubaaqudgha
Makhleb
Nemelex Xobeh
Okawaru
Qazlal
Ru
Sif Muna
Trog
Uskayaw
Vehumet
Wu Jian
Xom
Yredelemnul
Zin
The Shining One

Shops:
D:7 :   D:11 *   D:12 *

Annotations:
Orc:1 3 runed translucent doors, Harold


Innate Abilities, Weirdness & Mutations

You have razor-sharp toenails.
You are surrounded by a moderate repulsion field. (EV +3)
You regenerate health from kills.


Message History

The wall freezes the ettin.
The ettin barely misses you. The ettin completely misses you.
You barely miss the ettin.
The ettin is moderately wounded.
Your ice beast barely misses the ettin.
The wall freezes the ettin!
The ettin hits you with a +0 dire flail!
The ettin misses you.
Your ice beast hits the ettin but does no damage.
You puncture the ettin! You freeze the ettin.
The ettin is severely wounded.
The wall freezes the ettin.
The ettin hits you but does no damage. The ettin completely misses you.
Harold the Weathered comes into view.
He is wielding a +0 mace and wearing a +0 chain mail of magic resistance.
Your ice beast hits the ettin but does no damage.
The wall freezes the ettin.
The ettin hits you with a +0 dire flail!!
* * * LOW HITPOINT WARNING * * *
The ettin hits you with a +0 dire flail!!
You die...
Your body crumbles into a pile of gold.

......................##.###
#............[.<)[..#.
##...............)[[.[
#)......[...)#..[.))). .
###...........[.)..).#.#
...##.#.)..............))#)#
..........[.$...........#)[.
..........#.#..........###.#
...........@.........^..####
.......##.#C#$.......#.##
.#..... ##.Y..........##
###... #.............# ###.
##............##
####...............
##..@.....##......
#........####..... $
............# .....


You could see Harold, an ettin and a friendly ice beast (summoned).

Vanquished Creatures
  An orc warlord (D:12)
  A boulder beetle (D:11)
  Sonja (D:10)
  Nergalle (D:10)
  The ghost of Wiggles the Cleaver, a novice MiBe of Trog (D:7)
  3 slime creatures (D:11)
  The ghost of corevian the Cleaver, a novice MiFi (D:7)
  3 unseen horrors
  An orc sorcerer (Orc:1)
  2 ugly things (D:11)
  The ghost of vortex the Magician, a novice DEFE of Vehumet (D:7)
  A centaur zombie (D:12)
  A kobold demonologist (D:11)
  5 trolls
  2 nameless horrors
  Prince Ribbit (D:5)
  Grinder (D:5)
  A meliai zombie (D:11)
  A vampire (D:10)
  Sigmund (D:3)
  A wyvern (D:10)
  A basilisk (D:12)
  7 yaks
  Menkaure (D:5)
  2 wargs (Orc:1)
  A hornet zombie (D:12)
  A water moccasin (D:10)
  20 orc warriors
  An eye of draining (D:11)
  3 ice beasts
  3 phantoms
  10 ogres
  2 sky beasts
  2 black bears
  8 centaurs
  6 big kobolds
  6 gnoll sergeants (D:12)
  2 bullfrogs
  A wyvern zombie (D:11)
  An earth elemental (D:12)
  A wyvern skeleton (D:12)
  7 scorpions
  9 killer bees
  36 wights
  3 howler monkeys
  3 bullfrog zombies
  6 hounds
  19 orc priests
  A quasit (D:10)
  A gnoll shaman (D:7)
  2 jellies
  A bullfrog skeleton (D:5)
  2 iguanas
  17 orc wizards
  Natasha (thrice) (D:2)
  10 worker ants
  2 hound zombies
  Robin (D:3)
  5 gnolls
  7 adders
  A shadow imp (D:9)
  2 white imps
  An ufetubus (D:8)
  3 adder skeletons
  A worm (D:3)
  A dart slug (D:3)
  4 leopard geckos
  69 orcs
  6 giant cockroaches
  2 gnoll zombies (D:6)
  16 goblins
  13 hobgoblins
  8 jackals
  13 kobolds
  5 quokkas
  7 bats
  6 frilled lizards
  A quokka zombie (D:7)
  4 rats
408 creatures vanquished.

Vanquished Creatures (collateral kills)
  An ice beast (D:5)
  2 orcs (Orc:1)
3 creatures vanquished.

Vanquished Creatures (others)
  An orc wizard (Orc:1)
1 creature vanquished.

Grand Total: 412 creatures vanquished

Notes
Turn   | Place    | Note
-------+----------+-------------------------------------------
     0 | D:1      | looop the Demonspawn Ice Elementalist began the quest for
                  | the Orb.
     0 | D:1      | Reached XP level 1. HP: 13/13 MP: 3/3
   441 | D:1      | Gained mutation: You regenerate a little health from kills.
                  | [demonic ancestry]
   441 | D:1      | Reached XP level 2. HP: 19/19 MP: 3/5
   609 | D:1      | Reached skill level 4 in Ice Magic
   922 | D:2      | Found a faded altar of an unknown god.
  1071 | D:2      | Found a radiant altar of Vehumet.
  1441 | D:2      | Gained mutation: You regenerate health from kills. [demonic
                  | ancestry]
  1441 | D:2      | Reached XP level 3. HP: 24/24 MP: 4/6
  1452 | D:2      | Learned a level 3 spell: Frozen Ramparts
  1609 | D:2      | Noticed Natasha
  1617 | D:2      | Killed Natasha
  1747 | D:2      | Noticed Natasha
  1758 | D:2      | Killed Natasha
  1758 | D:2      | Gained mutation: You have sharp toenails. [demonic
                  | ancestry]
  1758 | D:2      | Reached XP level 4. HP: 15/30 MP: 4/8
  1770 | D:2      | Noticed Natasha
  1774 | D:2      | Killed Natasha
  1774 | D:2      | Reached skill level 5 in Ice Magic
  1898 | D:2      | Learned a level 3 spell: Ozocubu's Armour
  1906 | D:3      | Noticed Sigmund
  1915 | D:3      | Killed Sigmund
  1915 | D:3      | Reached XP level 5. HP: 20/35 MP: 5/10
  1915 | D:3      | Reached XP level 6. HP: 23/41 MP: 5/11
  1944 | D:3      | Noticed Robin
  1949 | D:3      | Killed Robin
  2017 | D:3      | Learned a level 4 spell: Hailstorm
  2162 | D:3      | Reached skill level 6 in Ice Magic
  2789 | D:4      | Reached XP level 7. HP: 44/46 MP: 9/13
  2911 | D:4      | Got a coiled copper ring
  2949 | D:4      | Found a staircase to the Ecumenical Temple.
  2950 | D:4      | Identified the ring "Ylo Ubio" {Fire rN+++ Str+4} (You
                  | found it on level 4 of the Dungeon)
  2961 | Temple   | Entered the Ecumenical Temple
  3040 | Temple   | Became a worshipper of Gozag Ym Sagoz the Greedy
  3575 | D:4      | Reached skill level 7 in Ice Magic
  3702 | D:5      | Entered Level 5 of the Dungeon
  3736 | D:5      | Noticed Menkaure
  3840 | D:4      | Learned a level 4 spell: Summon Ice Beast
  3910 | D:5      | Killed Menkaure
  4138 | D:5      | Noticed Grinder
  4190 | D:5      | Killed Grinder
  4190 | D:5      | Reached skill level 1 in Fighting
  4281 | D:5      | Noticed Prince Ribbit
  4294 | D:5      | Killed Prince Ribbit
  4294 | D:5      | Gained mutation: You have razor-sharp toenails. [demonic
                  | ancestry]
  4294 | D:5      | Reached XP level 8. HP: 56/56 MP: 11/15
  4339 | D:5      | Found a blossoming altar of Fedhas.
  4343 | D:5      | Found a white marble altar of Elyvilon.
  4345 | D:5      | Found an ancient bone altar of Kikubaaqudgha.
  4403 | D:5      | Reached skill level 8 in Ice Magic
  5103 | D:5      | HP: 1/57 [wight/cursed +4 great sword (11)]
  5406 | D:6      | Noticed a nameless horror
  5412 | D:6      | Killed a nameless horror
  5420 | D:6      | Found a basalt altar of Yredelemnul.
  5436 | D:6      | Upgraded the game from 0.26-a0-663-g36e8fdb655 to
                  | 0.26-a0-665-gefeb406119
  5588 | D:6      | Reached skill level 9 in Ice Magic
  5815 | D:6      | Gained mutation: You are surrounded by a mild repulsion
                  | field. (EV +2) [demonic ancestry]
  5815 | D:6      | Reached XP level 9. HP: 65/65 MP: 16/16
  6095 | D:6      | Found a basalt altar of Yredelemnul.
  6269 | D:7      | Reached skill level 1 in Shields
  6514 | D:7      | Found a hide-covered altar of Uskayaw.
  6529 | D:7      | Found Ydoqestru's Book Boutique.
  6800 | D:7      | Found a runed translucent gate.
  6802 | D:7      | Found a runed translucent gate.
  6803 | D:7      | Found a runed translucent gate.
  6809 | D:7      | Noticed vortex's ghost (novice DEFE)
  6809 | D:7      | Noticed Wiggles's ghost (novice MiBe)
  6809 | D:7      | Noticed corevian's ghost (novice MiFi)
  6823 | D:7      | Killed vortex's ghost
  6823 | D:7      | Reached skill level 5 in Fighting
  6823 | D:7      | Reached skill level 5 in Dodging
  6823 | D:7      | Reached skill level 10 in Ice Magic
  6832 | D:7      | Killed corevian's ghost
  6832 | D:7      | Gained mutation: You are surrounded by a moderate repulsion
                  | field. (EV +3) [demonic ancestry]
  6832 | D:7      | Reached XP level 10. HP: 65/74 MP: 17/17
  6835 | D:7      | Killed Wiggles's ghost
  7047 | D:8      | Found a shadowy altar of Dithmenos.
  7105 | D:8      | Found a shimmering blue altar of Sif Muna.
  7273 | D:8      | Got a transparent great sword
  7274 | D:8      | Identified the +7 great sword of Hell's Wrath {venom,
                  | Int+3} (You found it on level 8 of the Dungeon)
  7465 | D:8      | Found a hazy altar of Hepliaklqana.
  7517 | D:8      | Found a snail-covered altar of Cheibriados.
  8419 | D:9      | Reached skill level 11 in Ice Magic
  8547 | D:10     | Entered Level 10 of the Dungeon
  9498 | D:10     | Noticed Nergalle
  9507 | D:10     | Killed Nergalle
  9519 | D:10     | Noticed Sonja
  9530 | D:10     | Killed Sonja
  9530 | D:10     | Reached XP level 11. HP: 81/84 MP: 18/18
  9591 | D:10     | Found a staircase to the Lair.
 10115 | D:11     | Noticed a purple ugly thing
 10126 | D:11     | Killed a purple ugly thing
 10197 | D:11     | Noticed a sixfirhy
 10212 | D:11     | Noticed a sixfirhy
 10289 | D:11     | Killed an unseen horror
 10289 | D:11     | Reached skill level 1 in Summonings
 10298 | D:11     | Reached skill level 1 in Conjurations
 10302 | D:11     | Reached skill level 5 in Spellcasting
 10477 | D:11     | Found Ydisa's Assorted Antiques.
 10482 | D:11     | Noticed a white ugly thing
 10483 | D:11     | Bought a scroll of identify for 48 gold pieces
 10483 | D:11     | Bought a leatherbound book for 360 gold pieces
 10483 | D:11     | Bought 2 scrolls labeled ZURIEF EMUCOPP for 48 gold pieces
 10483 | D:11     | Bought a scroll labeled MIUNKI ICOENN for 24 gold pieces
 10496 | D:11     | Killed a white ugly thing
 10512 | D:11     | Noticed a boulder beetle
 10541 | D:11     | Killed a boulder beetle
 11181 | D:12     | Killed an unseen horror
 11181 | D:12     | Reached XP level 12. HP: 79/94 MP: 21/21
 11425 | D:12     | Found Seups's Pet Rocks.
 11554 | D:12     | Found a staircase to the Orcish Mines.
 11880 | D:7      | Bought a book of Transfigurations for 605 gold pieces
 11887 | D:7      | Learned a level 6 spell: Statue Form
 12219 | Orc:1    | Entered Level 1 of the Orcish Mines
 12234 | Orc:1    | Reached skill level 1 in Earth Magic
 12235 | Orc:1    | Reached skill level 1 in Transmutations
 12355 | Orc:1    | Noticed an orc warlord
 12724 | D:12     | Killed an orc warlord
 12990 | Orc:1    | Found a runed translucent gate.
 12991 | Orc:1    | Found a runed translucent gate.
 12992 | Orc:1    | Found a runed translucent gate.
 13009 | Orc:1    | Noticed an ettin
 13018 | Orc:1    | Noticed Harold
 13018 | Orc:1    | Mangled by an ettin

Illustrated notes

Levels and vault maps discovered:
D:1:      grunt_arrival_lava_bath, layout_loops_ring, corexii_corridor_pit
D:2:      layout_loops_cross, vehumet_crystals,
          chequers_ecumenical_altar_island, uniq_natasha
D:3:      layout_rooms, minivault_26, kennysheep_generic_room_5, uniq_sigmund,
          uniq_robin
D:4:      layout_basic, minmay_temple_entry_glassed_door
D:5:      layout_rooms, minitemple, due_unseen_surprise, uniq_prince_ribbit1,
          uniq_grinder, uniq_menkaure
D:6:      layout_basic, lemuel_zombie_altar_yredelemnul, basic_altar
D:7:      layout_rooms, old_standard_altar, gammafunk_ghost_cemetery,
          serial_shops, shop
D:8:      layout_cave_pools, old_standard_altar,
          nicolae_dithmenos_shadow_blocks, kennysheep_mini_moat,
          serial_column_ruins, column_ruins_hut, column_ruins_open_tiny,
          column_ruins_columns_T, column_ruins_open_small, column_ruins_grid_1,
          column_ruins_grid_1, column_ruins_open_tiny, basic_altar,
          hangedman_decor_points, lightli_minifort
D:9:      layout_irregular_city
D:10:     layout_stronghold, lair_entry_dummy, minmay_unpleasant_kobolds,
          uniq_nergalle, uniq_sonja
D:11:     layout_roguey, serial_shops, shop
D:12:     layout_cave_pools, kennysheep_orc_monster_closet_entryway,
          guppyfry_shop_earth
D:13:     layout_basic, david_vaults_1, serial_shops, nicolae_shop_behind_doors,
          basic_altar
Temple:   cyrus_circular_temple
Orc:1:    layout_diamond_mine, gammafunk_ghost_split, basic_altar, uniq_harold

Skill      XL: |  1  2  3  4  5  6  7  8  9 10 11 12 |
---------------+-------------------------------------+-----
Ice Magic      | 4 5 6 7 9 10 11 | 11.9
Spellcasting   | 3 4 6 |  6.3
Dodging        | 2 4 5 6 8 |  8.3
Fighting       | 2 3 5 7 8 |  8.7
Shields        | 3 4 |  4.0
Summonings     | 3 4 |  4.3
Conjurations   | 3 4 |  4.2
Earth Magic    | 4 |  4.1
Transmutations | 4 |  4.1
Stealth        | |  1.7

Action                   |  1- 3 |  4- 6 |  7- 9 | 10-12 || total
-------------------------+-------+-------+-------+-------++-------
Melee: Unarmed           |     7 |       |       |       ||     7
       Spear             |    63 |    26 |       |       ||    89
       Mace              |       |    20 |   176 |       ||   196
       Kick              |       |    10 |       |       ||    10
       Dire flail        |       |       |    35 |       ||    35
       Morningstar       |       |       |     7 |   385 ||   392
Throw: Dart              |     5 |     5 |     1 |     1 ||    12
       Boomerang         |       |       |       |     9 ||     9
 Cast: Freeze            |    21 |       |       |       ||    21
       Frozen Ramparts   |     3 |    20 |    55 |    62 ||   140
       Summon Ice Beast  |       |       |     6 |     5 ||    11
       Ozocubu's Armour  |       |       |     4 |    11 ||    15
       Hailstorm         |       |       |     1 |    30 ||    31
  Use: Scroll            |       |       |     7 |    11 ||    18
       Potion            |       |       |     1 |       ||     1
 Stab: Sleeping          |     2 |       |       |     3 ||     5
       Distracted        |       |       |     1 |       ||     1
Armor: Leather armour    |    21 |    18 |   112 |   168 ||   319
Dodge: Dodged            |    52 |    42 |   192 |   450 ||   736
Block: Buckler           |       |       |    22 |   119 ||   141

Table legend: (Time is in decaauts)
 A = Elapsed time spent in this place.
 B = Non-inter-level travel time spent in this place.
 C = Inter-level travel time spent in this place.
 D = Time resting spent in this place.
 E = Time spent auto-exploring this place.
 F = Levels seen in this place.
 G = Mean time per level.
                   A        B        C        D        E       F      G
               +--------+--------+--------+--------+--------+-----+--------+
         Total |  13348 |  12534 |    814 |    533 |   8806 |  15 |  889.9 |
       Dungeon |  12905 |  12116 |    789 |    533 |   8625 |  13 |  992.7 |
        Temple |     90 |     65 |     25 |      0 |     64 |   1 |   90.0 |
  Orcish Mines |    352 |    352 |      0 |      0 |    117 |   1 |  352.0 |
               +--------+--------+--------+--------+--------+-----+--------+

Top non-repeatable levels by time:
    D:10: 1662 daAuts
     D:5: 1493 daAuts
    D:12: 1323 daAuts
     D:2: 1129 daAuts
     D:4: 1075 daAuts
     D:6: 1016 daAuts
    D:11: 990 daAuts
     D:8: 938 daAuts
     D:7: 858 daAuts
     D:3: 855 daAuts
     D:1: 828 daAuts
     D:9: 728 daAuts
   Orc:1: 352 daAuts
  Temple: 90 daAuts
    D:13: 5 daAuts
